Bacon, chaotic female elven Ranger ------------ ---- -------- .......... ..| +......| -.....------------.|# |......| |.....-..|(((|...|..)#############|...<..| |.....|..|((]|...|.|# #-......| |.....|..|...|.. |.| -------- -+--.....----|---|---.| + -- --- --...........@.......%.| |.............{...%d){..........| -+----+--....---@--...........| ----.|.Gaa|.-----+---.| +.|..G.|.| |.. |.|.._.|.+ |.| |.|.@..|.| |.| -.------.- -.| . . .| --- --- --- Bacon the Trailblazer Experience level: 6 Strength: 18 Dexterity: 13 Constitution: 15 Intelligence: 13 Wisdom: 14 Charisma: 7 Health: 0(39) Energy: 29(29) Def: 9 Gold: 143 Moves: 2796 Dungeon seed: 71yr6BLoenVs8Krw Game ID: Bacon_1515775095 Your Inventory: Coins $ - 143 gold pieces Amulets C - an uncursed amulet versus poison Weapons a - an uncursed +1 elven dagger (weapon in hand) b - an uncursed +1 elven bow (alternate weapon; not wielded) c - 43 blessed +2 elven arrows (in quiver) v - 6 uncursed +0 arrows F - an uncursed -1 thirsty dwarvish short sword of aggravate monster Armor e - an uncursed +2 elven cloak (being worn) q - an uncursed +0 orcish helm (being worn) r - an uncursed +0 elven mithril-coat (being worn) Comestibles f - 4 uncursed lembas wafers Potions G - 2 uncursed potions of object detection Rings p - an uncursed ring of free action Tools u - an uncursed tin opener B - an uncursed lock pick E - 7 uncursed tallow candles (0:200) I - an uncursed +0 pick-axe J - an uncursed wax candle (0:400) Gems n - an uncursed worthless piece of orange glass w - an uncursed worthless piece of red glass x - 2 uncursed worthless pieces of green glass y - an uncursed ruby z - an uncursed worthless piece of white glass A - 2 uncursed black opals N - an uncursed worthless piece of violet glass Y - an uncursed worthless piece of yellow glass Spells and supernatural/magical abilities: Spells marked with '*' are forgotten. Spells marked with '!' are maintained. Spells marked with '#' are aliased with 'castalias'. Name Level Category Fail Memory W - pray for help -- divine ? -- Your skills at the end: Fighting Skills wands [Basic] Weapon Skills dagger [Basic] bow [Basic] Spellcasting Skills Final Attributes: You were sleep resistant. You saw invisible. You had automatic searching. You had infravision. You were stealthy. You are dead. Vanquished creatures: a leprechaun a wood nymph a water nymph a rock mole 5 gnome lords 2 gnomish wizards a gray ooze a little dog 6 dwarves 2 dwarf zombies a wererat an iguana 3 hobbits a yellow mold a red mold 15 gnomes 2 jackals 3 goblins 4 sewer rats 6 grid bugs 3 lichens a kobold zombie 5 newts 67 creatures vanquished. Voluntary challenges: You were an atheist. You used a wielded weapon 44 times, starting on turn 145. You read items or engraved 1 time, starting on turn 2073. You never genocided any monsters. You never polymorphed an object. You never changed form. You used no wishes. You never split a pudding. You never wrote Elbereth's name. You never violated your personal moral code. Dungeon overview: The Dungeons of Doom: levels 1 to 3 Level 1 an altar to Venus a long staircase Level 2 a general store, a fountain, a vault Level 3 a vault stairs to The Gnomish Mines The Gnomish Mines: levels 4 to 6 Level 4 stairs to The Dungeons of Doom Level 5 Level 6 <- You were here a lighting shop, a temple to Mercury, some fountains History has recorded: On T:1 you entered the Dungeons of Doom to retrieve the Amulet of Yendor! On T:451 you reached level 2 of The Dungeons of Doom. On T:803 you reached level 3 of The Dungeons of Doom. On T:867 you advanced to experience level 2. On T:1363 you reached level 1 of The Gnomish Mines. On T:1368 you reached level 2 of The Gnomish Mines. On T:1423 you advanced to experience level 3. On T:1437 you advanced to experience level 4. On T:1555 you advanced to experience level 5. On T:2209 you advanced to experience level 6. On T:2715 you reached level 3 of The Gnomish Mines. Score breakdown: Gold: 143 ( 7342 points) Experience: 6 levels (12456 points) Exploration: 6 levels ( 12.50%) ( 9784 points) Discoveries: 5 items ( 1.70%) ( 3912 points) Valuables value: (no points given unless you survive) Artifact value: 0 ( 0 points) Variety of kills: 23 monsters ( 6.05%) ( 7380 points) Turncount: 2796 turns ( -495 points) Survival: died (score multiplied by 80%) Total score: 32303 Latest messages: You kill the dwarf! $ - 19 gold pieces. c - a blessed +2 elven arrow (in quiver). There are a few more objects here. The door opens. The gnomish wizard casts a spell! The priest of Mercury intones: "Pilgrim, you enter a sacred place!" You have a strange forbidding feeling... The gnomish wizard casts a spell! (2x) You miss the fire ant. The fire ant bites! (2x) You are on fire! The fire ant misses. The fire ant bites! You are on fire! The gnomish wizard casts a spell! The magic missile hits you! The magic missile hits Sirius! The fire ant bites! (2x) You are on fire! You die... Final status: Goodbye Bacon the Ranger, killed by a fire ant... You died in The Gnomish Mines on dungeon level 6 with 32303 points, and 143 pieces of gold, after 2796 moves. You were level 6 with a maximum of 39 hit points when you died.